 Dungeon Crawl Stone Soup version 0.21.1-1-g345015f (webtiles) character file.

87 tidbits the Sneak (level 4, 0/38 HPs)
             Began as a Gnoll Assassin on Mar 29, 2018.
             Slain by a goblin
             ... wielding a +0 club
              (3 damage)
             ... on level 2 of the Dungeon.
             The game lasted 00:05:39 (571 turns).

tidbits the Sneak (Gnoll Assassin)                   Turns: 571, Time: 00:05:40

Health: 0/38       AC:  4    Str: 13    XL:     4   Next: 51%
Magic:  5/5        EV: 13    Int: 20    God:
Gold:   50         SH:  0    Dex: 16    Spells: 5/5 levels left

rFire    . . .     SeeInvis .   a - +2 dagger
rCold    . . .     Gourm    .   (no shield)
rNeg     + . .     Faith    .   c - +0 robe
rPois    .         Spirit   .   E - +0 helmet (curse)
rElec    .         Reflect  .   d - +0 cloak
rCorr    .         Harm     .   (no gloves)
MR       .....                  (no boots)
Stlth    ++++......             (no amulet)
HPRegen  0.12/turn              l - ring of positive energy
MPRegen  0.09/turn              (no ring)

@: brilliant
A: distributed training, fangs 1, strong nose
a: no special abilities


You were on level 2 of the Dungeon.
You were not hungry.

You visited 1 branch of the dungeon, and saw 3 of its levels.

You collected 50 gold pieces.

Inventory:

Hand Weapons
 a - a +2 dagger (weapon)
 b - a +0 blowgun
 j - a +0 short sword
Missiles
 e - 3 poisoned needles
 f - 2 curare-tipped needles
 i - 6 javelins (quivered)
Armour
 c - a +0 robe (worn)
 d - a +0 cloak (worn)
 p - a +0 shield
 E - a cursed +0 helmet (worn)
Jewellery
 l - a ring of positive energy (left hand)
   (You found it on level 2 of the Dungeon)
Scrolls
 h - a scroll of identify {unknown}
 m - a scroll of fear {unknown}
 n - a scroll of remove curse {unknown}
 o - a scroll of blinking {unknown}
Comestibles
 g - 5 rations


   Skills:
 + Level 4.6 Fighting
 + Level 4.6 Short Blades
 + Level 1.1 Long Blades
 + Level 1.1 Axes
 + Level 1.1 Maces & Flails
 + Level 1.1 Polearms
 + Level 1.1 Staves
 + Level 1.1 Slings
 + Level 1.1 Bows
 + Level 1.1 Crossbows
 + Level 4.6 Throwing
 + Level 1.1 Armour
 + Level 2.7 Dodging
 + Level 7.8 Stealth
 + Level 1.1 Shields
 + Level 1.1 Unarmed Combat
 + Level 1.1 Spellcasting
 + Level 0.9 Conjurations
 + Level 0.9 Hexes
 + Level 0.9 Charms
 + Level 0.9 Summonings
 + Level 0.9 Necromancy
 + Level 0.9 Translocations
 + Level 0.9 Transmutations
 + Level 0.9 Fire Magic
 + Level 0.9 Ice Magic
 + Level 0.9 Air Magic
 + Level 0.9 Earth Magic
 + Level 0.9 Poison Magic
 + Level 1.2 Invocations
 + Level 1.1 Evocations


You had 5 spell levels left.
You didn't know any spells.

Dungeon Overview and Level Annotations

Branches:
Dungeon (3/15)

Altars:
Makhleb
Xom

Annotations:
D:3 broninjaking's ghost, amateur DsAK


Innate Abilities, Weirdness & Mutations

Your experience applies equally to all skills.
You have very sharp teeth.
Your uncanny sense of smell can sniff out nearby items.


Message History

You completely miss the kobold. The frilled lizard barely misses you.
The kobold hits you with a dagger.
* * * LOW HITPOINT WARNING * * *
You hit the kobold but do no damage. You bite the kobold.
The kobold is moderately wounded.
The frilled lizard closely misses you. The kobold closely misses you.
You barely miss the kobold.
The kobold is moderately wounded.
The frilled lizard bites you but does no damage.
You hit the kobold.
The kobold is heavily wounded.
The kobold hits you with a dagger.
* * * LOW HITPOINT WARNING * * *
You hit the kobold.
You kill the kobold!
The frilled lizard bites you but does no damage.
You hit the frilled lizard.
You kill the frilled lizard!
Things that are here:
a dagger; 2 stones; a kobold corpse
Things that are here:
28 stones; a frilled lizard corpse The bat barely misses you.
The bat hits you but does no damage.
You hit the bat.
You kill the bat!
You see here a bat corpse.
You open the door.
An adder and a dart slug come into view.
Found 20 bolts and a leather armour.
A frilled lizard comes into view.
The adder hisses angrily.
The adder completely misses you.
There is an open door here.
The frilled lizard hisses angrily.
You hit the adder but do no damage. The adder barely misses you.
Unknown command.
You hit the adder but do no damage. The adder bites you but does no damage.
You hit the adder.
The adder is moderately wounded.
The adder barely misses you.
You hit the adder.
The adder is heavily wounded.
The adder barely misses you.
You closely miss the adder.
The adder is heavily wounded.
The adder bites you but does no damage.
You hit the adder.
You kill the adder!
The dart slug launches a dart at you. The slug dart hits you!
* * * LOW HITPOINT WARNING * * *
It was a potion of brilliance.
You feel clever all of a sudden.
You closely miss the frilled lizard. Your bite misses the frilled lizard.
The frilled lizard bites you.
* * * LOW HITPOINT WARNING * * *
You hit the frilled lizard.
You kill the frilled lizard!
The dart slug launches a dart at you. The slug dart misses you.
There is an open door here.
You see here a frilled lizard corpse.
You hit the dart slug but do no damage. The dart slug closely misses you.
You hit the dart slug.
The dart slug is moderately wounded.
You hit the dart slug but do no damage.
You bite the dart slug, but do no damage.
The dart slug is moderately wounded.
The dart slug barely misses you.
You hit the dart slug.
You bite the dart slug, but do no damage.
The dart slug is severely wounded.
You hit the dart slug.
The dart slug is almost dead.
The dart slug completely misses you.
You hit the dart slug.
You kill the dart slug!
A bat and a goblin come into view.
Found a shimmering altar of Xom.
Unknown command.
An adder comes into view.
A rat comes into view.
Found a leather armour.
Found a sedimented black potion and a scroll labeled DIOGOXTAME.
Unknown command.
The bat hits you but does no damage.
You hit the bat.
You kill the bat!
Found a sapphire potion and a ring mail.
A rat comes into view.
The goblin shouts!
The adder hisses angrily.
You hit the adder. Your bite misses the adder.
The adder is moderately wounded.
The adder barely misses you. The goblin hits you but does no damage.
The adder closely misses you.
Unknown command.
You barely miss the adder. You bite the adder, but do no damage.
The adder is moderately wounded.
The goblin hits you with a club.
You die...

#2####..####†######....#
###..##.#.........######
.....##.#.........#
.....##.#.........# ∆
.....##.#....(....# ....##
.#....[....# ....#
#.........# ....#
...........#####
.....###...#.#..@g....#######
####.# #...._...S.r...#.<...#
.# ##.##.##.......##....# .#
#. #.[.....##....# # #
#!..?...###...# #.r.....#
#<..# ∆ #!....[.# ###.#
#.......# #†# #.#


You could see an adder, a goblin and 2 rats.

Vanquished Creatures
  2 adders (D:2)
  2 worms (D:2)
  2 dart slugs (D:2)
  A leopard gecko (D:2)
  4 goblins
  8 hobgoblins
  12 jackals
  6 kobolds
  6 bats
  3 frilled lizards
  7 rats
53 creatures vanquished.

Notes
Turn   | Place    | Note
-------+----------+-------------------------------------------
     0 | D:1      | tidbits the Gnoll Assassin began the quest for the Orb.
     0 | D:1      | Reached XP level 1. HP: 20/20 MP: 1/1
    80 | D:1      | Reached XP level 2. HP: 18/26 MP: 2/2
   192 | D:1      | Reached XP level 3. HP: 15/31 MP: 3/3
   321 | D:2      | Reached skill level 1 in Invocations
   393 | D:2      | Reached skill level 1 in Long Blades
   393 | D:2      | Reached skill level 1 in Axes
   393 | D:2      | Reached skill level 1 in Maces & Flails
   393 | D:2      | Reached skill level 1 in Polearms
   393 | D:2      | Reached skill level 1 in Staves
   393 | D:2      | Reached skill level 1 in Slings
   393 | D:2      | Reached skill level 1 in Bows
   393 | D:2      | Reached skill level 1 in Crossbows
   393 | D:2      | Reached skill level 1 in Armour
   393 | D:2      | Reached skill level 1 in Shields
   393 | D:2      | Reached skill level 1 in Unarmed Combat
   393 | D:2      | Reached skill level 1 in Spellcasting
   393 | D:2      | Reached skill level 1 in Evocations
   424 | D:3      | Noticed broninjaking's ghost (amateur DsAK)
   442 | D:2      | Reached XP level 4. HP: 26/38 MP: 5/5
   513 | D:2      | Found a burning altar of Makhleb.
   513 | D:2      | Noticed a balrug
   550 | D:2      | HP: 2/38 [dart slug/slug dart (5)]
   562 | D:2      | Found a shimmering altar of Xom.
   571 | D:2      | Slain by a goblin

Skill      XL: |  1  2  3 |
---------------+----------+-----
Invocations    | 1 |  1.2
Long Blades    | 1 |  1.1
Axes           | 1 |  1.1
Maces & Flails | 1 |  1.1
Polearms       | 1 |  1.1
Staves         | 1 |  1.1
Slings         | 1 |  1.1
Bows           | 1 |  1.1
Crossbows      | 1 |  1.1
Armour         | 1 |  1.1
Shields        | 1 |  1.1
Unarmed Combat | 1 |  1.1
Spellcasting   | 1 |  1.1
Evocations     | 1 |  1.1
Fighting       | |  4.6
Short Blades   | |  4.6
Throwing       | |  4.6
Dodging        | |  2.7
Stealth        | |  7.8
Conjurations   | |  0.9
Hexes          | |  0.9
Charms         | |  0.9
Summonings     | |  0.9
Necromancy     | |  0.9
Translocations | |  0.9
Transmutations | |  0.9
Fire Magic     | |  0.9
Ice Magic      | |  0.9
Air Magic      | |  0.9
Earth Magic    | |  0.9
Poison Magic   | |  0.9

Action                   |  1- 3 |  4- 6 || total
-------------------------+-------+-------++-------
Melee: Dagger            |   108 |    50 ||   158
       Bite              |    10 |     7 ||    17
 Fire: Blowgun           |     5 |       ||     5
Throw: Javelin           |     7 |     4 ||    11
  Use: Potion            |       |     1 ||     1
 Stab: Sleeping          |     8 |     1 ||     9
Armor: Robe              |    15 |     9 ||    24
Dodge: Dodged            |    68 |    26 ||    94

Table legend:
 A = Turns spent in this place as a percentage of turns spent in the entire game.
 B = Non-inter-level travel turns spent in this place as a percentage of non-inter-level travel turns spent in the entire game.
 C = Inter-level travel turns spent in this place as a percentage of turns spent in this place.
 D = Turns resting spent in this place as a percentage of non-inter-level travel turns spent in this place.
 E = Turns spent auto-exploring this place as a percentage of non-inter-level travel turns spent in this place.
 F = Non-inter-level travel turns spent in this place divided by the number of levels of this place that you've seen.
                   A       B       C       D       E      F
               +-------+-------+-------+-------+-------+----------------------
         Total | 100.0 | 100.0 |   0.0 |   0.0 |   0.0 | 190.3
       Dungeon | 100.0 | 100.0 |   0.0 |   0.0 |   0.0 | 190.3
               +-------+-------+-------+-------+-------+----------------------

Table legend:
 A = Kills in this place as a percentage of kills in entire the game.
 B = Kills by you in this place as a percentage of kills by you in the entire game.
 C = Kills by friends in this place as a percentage of kills by friends in the entire game.
 D = Other kills in this place as a percentage of other kills in the entire game.
 E = Experience gained in this place as a percentage of experience gained in the entire game.
 F = Experience gained in this place divided by the number of levels of this place that you have seen.
                   A       B       C       D       E      F
               +-------+-------+-------+-------+-------+----------------------
         Total | 100.0 | 100.0 |   N/A |   N/A | 100.0 |  41.7
       Dungeon | 100.0 | 100.0 |   N/A |   N/A | 100.0 |  41.7
               +-------+-------+-------+-------+-------+----------------------

Vault maps used:
D:1:      lemuel_arrival_rhombus
D:2:      lemuel_crystal_altar, minmay_misc_feat_rows,
          makhleb_altar_promises_db, uniq_jessica
D:3:      first_ration, evilmike_ruin_ashenzari, uniq_ijyb
